 Dungeon Crawl Stone Soup version 0.30-a0-141-g30f27751c5 (webtiles) character file.

Game seed: 1007018259264204936

33 qw the Chopper (level 3, -1/23 HPs)
             Began as a Gargoyle Fighter on Sept 25, 2022.
             Slain by a gnoll
             ... wielding a +0 flail
              (2 damage)
             ... on level 2 of the Dungeon.
             The game lasted 00:00:16 (909 turns).

qw the Chopper (Gargoyle Fighter)                    Turns: 909, Time: 00:00:17

Health: -1/23      AC: 10    Str: 21    XL:     3   Next: 29%
Magic:  3/3        EV:  9    Int:  8    God:
Gold:   66         SH:  4    Dex:  9    Spells: 2/2 levels left

rFire   . . .      SeeInvis .    Y - +0 war axe
rCold   . . .      Faith    .    c - +0 buckler
rNeg    + . .      Spirit   .    b - +0 scale mail
rPois   inf        Reflect  .    (no helmet)
rElec   +          Harm     .    (no cloak)
rCorr   .          Rampage  .    (no gloves)
Will    .....                    (no boots)
Stlth   ..........               (no amulet)
HPRegen 0.07/turn                (no ring)
MPRegen 0.08/turn                (no ring)

@: no status effects
A: sickness immunity, AC +3, negative energy resistance 1, electricity
resistance, torment resistance 1, petrification resistance
a: no special abilities


You were on level 2 of the Dungeon.
You visited 1 branch of the dungeon, and saw 2 of its levels.

You collected 66 gold pieces.


Innate Abilities, Weirdness & Mutations

You are immune to sickness and miasma.
Your stone body is resilient. (AC +3)
You are immune to poison.
You resist negative energy. (rN+)
You are resistant to electric shocks. (rElec)
You are resistant to unholy torment.
You are immune to petrification.


   Skills:
 - Level 3.2 Fighting
 + Level 3.3 Axes
 - Level 3.2 Armour
 - Level 3.2 Shields


You had 2 spell levels left.
You didn't know any spells.
Your spell library was empty.

Inventory:

Hand Weapons
 k - a +0 mace
 Y - a +0 war axe (weapon)
Armour
 b - a +0 scale mail (worn)
 c - a +0 buckler (worn)
Potions
 d - a potion of might
 f - 2 potions of curing
 h - a potion of attraction {unknown}
 j - a potion of heal wounds {unknown}

Dungeon Overview and Level Annotations

Branches:
Dungeon (2/15)

Altars:


Message History

Your experience leads to an increase in your attributes!
Increase (S)trength, (I)ntelligence, or (D)exterity?
You feel stronger. x2 3 gnolls come into view.
A gnoll is wielding a +2 vorpal flail.
The gnoll shouts! x3
898 ||| Stepping ~*~*~tactically~*~*~ (hiding).
There is a stone staircase leading up here.
You start waiting.
A gnoll is nearby!
You slash the gnoll!
You kill the gnoll!
You start waiting.
A gnoll is nearby!
A gnoll comes into view. It is wielding a +0 flail.
The gnoll shouts!
The gnoll hits you from afar with a +0 spear.
The gnoll hits you with a +2 vorpal flail.
Things that are here:
a +0 whip; a gnoll corpse You hit the gnoll.
The gnoll is moderately wounded.
The gnoll throws a throwing net.
The throwing net hits you.
You become entangled in the net!
The gnoll barely misses you. The gnoll hits you but does no damage.
You tear a large gash into the net.
The gnoll hits you but does no damage.
You struggle against the net.
The gnoll hits you but does no damage. x2
You struggle against the net.
The gnoll hits you from afar with a +0 spear.
You rip the net and break free!
The gnoll hits you from afar with a +0 spear.
The gnoll barely misses you. x2
You closely miss the gnoll.
The gnoll is lightly wounded.
You barely miss the gnoll.
The gnoll hits you from afar with a +0 spear.
The gnoll hits you with a +2 vorpal flail.
The gnoll hits you with a +0 flail.
You die...

### .# #..
.. #.##.
#.#.. #.#.#
#.#.#
#<#g##.#
#.@gg..#
#....>....+
#.##...##.#
#. ##.## #
.# .. ##.
..


You could see 3 gnolls.

Vanquished Creatures
  A gnoll (D:2)
  4 bats (D:1)
  An endoplasm (D:1)
  2 goblins (D:1)
  7 hobgoblins
  A quokka (D:1)
  2 ball pythons (D:1)
  A frilled lizard (D:1)
  3 rats (D:1)
22 creatures vanquished.

Notes
Turn   | Place    | Note
-------+----------+-------------------------------------------
     0 | D:1      | qw the Gargoyle Fighter began the quest for the Orb.
     0 | D:1      | Reached XP level 1. HP: 14/14 MP: 1/1
     0 | D:1      | 0 ||| qw: Version: 0.2-a-10-g399e6c4
     0 | D:1      | 0 ||| qw: Game counter: 241
     0 | D:1      | 0 ||| qw: Always use a shield: true
     0 | D:1      | 0 ||| qw: God list: Okawaru
     0 | D:1      | 0 ||| qw: Allow faded altars: false
     0 | D:1      | 0 ||| qw: Do Orc after D:15 true
     0 | D:1      | 0 ||| qw: Do second Lair branch before Depths: true
     0 | D:1      | 0 ||| qw: Lair rune preference: random
     0 | D:1      | 0 ||| qw: Plans: Normal, Zot:1-4, God:TSO, Crypt, Tomb,
                  | Pan, Slime:5, Hells, Abyss, Orb
     0 | D:1      | 0 ||| PLANNING D:1-11
   163 | D:1      | Reached XP level 2. HP: 18/19 MP: 2/2
   242 | D:1      | Found a faded altar of an unknown god.
   608 | D:1      | Reached skill level 3 in Axes
   860 | D:1      | 860 ||| DROPPING +0 club.
   861 | D:1      | 861 ||| READING scroll labelled LAFAENWUAC.
   862 | D:1      | 862 ||| READING scroll labelled AZYPIO IRGHOYT.
   863 | D:1      | 863 ||| DRINKING 3 pink potions.
   896 | D:2      | Reached XP level 3. HP: 23/23 MP: 3/3
   898 | D:2      | 898 ||| Stepping ~*~*~tactically~*~*~ (hiding).
   909 | D:2      | HP: 3/23 [gnoll/+0 spear (3)]
   909 | D:2      | HP: 1/23 [gnoll/+2 vorpal flail (1)]
   909 | D:2      | Slain by a gnoll

Levels and vault maps discovered:
D:1:      ebering_trefoil_3fold, layout_loops_corners, basic_ecumenical_altar,
          minmay_tromino_v4_b
D:2:      layout_loops_corners, serial_bayou_pond_e, kennysheep_nondescript

Skill      XL: |  1  2 |
---------------+-------+-----
Axes           | 2 3 |  3.3
Fighting       | |  3.2
Armour         | |  3.2
Shields        | |  3.2

Action                   || total
-------------------------++-------
Melee: War axe           ||    46
  Use: Scroll            ||     2
       Potion            ||     1
Armor: Scale mail        ||    25
Dodge: Dodged            ||     7
Block: Buckler           ||     7

Table legend:
 A = Non-vault XP
 B = Vault XP
 C = Vault XP percentage of total XP
 D = Non-vault monster count
 E = Vault monster count
 F = Vault count percentage of total count
                 A         B        C        D         E       F
            +---------+---------+-------+---------+---------+-------
      Total |      47 |       1 |   2.1 |      21 |       1 |   4.5
            +---------+---------+-------+---------+---------+-------
        D:1 |      31 |       1 |   3.1 |      19 |       1 |   5.0
        D:2 |      16 |       0 |   0.0 |       2 |       0 |   0.0
            +---------+---------+-------+---------+---------+-------
